AoeStats
← NuMa | JuanMan

Arena

508975514Analyzed
3v3 RM · 8d ago on Sep 24, 2026· 76m 35s· 6 players
Game mode
Random Map
Map size
Normal (6 player)
Population
200
Speed
Normal
Resources
Standard
Victory
Conquest
Starting age
Dark Age
Ending age
Imperial Age
RankedLock teamsTeams togetherTeam positionsShared explorationLock speedFull tech treeHidden civsTurbo modeCheats
Victory
Defeat
🇨🇴 Bengalis · Colombia
1345
+11
🇨🇴 Teutons · Colombia
1276
+14
🇨🇴 Burgundians · Colombia
1262
+14
🇫🇷 Franks · France
1249
-14
🇩🇪 Italians · Germany
1237
-13
🇨🇴 Byzantines · Colombia
1207
-12
goenka
13:31 Feudal Age
17:45 Castle Age
16:23 Scale Barding Armor
16:28 Forging
16:32 Gold Mining
18:03 Wheelbarrow
17:42 Double-Bit Axe
19:43 Bow Saw
23:26 Padded Archer Armor
24:01 Iron Casting
23:14 Elite Skirmisher
25:36 Fletching
26:02 Pikeman
27:23 Leather Archer Armor
30:04 Hand Cart
29:35 Town Watch
29:35 Loom
35:39 Imperial Age
33:40 Scale Mail Armor
33:35 Bodkin Arrow
34:36 Squires
35:06 Chain Mail Armor
34:56 Town Patrol
35:39 Halberdier
36:06 Arson
35:43 Capped Ram
37:32 Blast Furnace
37:03 Plate Mail Armor
37:21 Elite Throwing Axeman
40:00 Ordonnance Companies
41:02 Conscription
41:47 Stone Mining
49:17 Ballistics
51:18 Onager
52:12 Fortified Wall
62:45 Caravan
62:44 Light Cavalry
63:47 Chain Barding Armor
63:29 Husbandry
66:41 Plate Barding Armor
FRKNCY
7:28 Loom
9:22 Feudal Age
10:25 Town Watch
10:39 Double-Bit Axe
11:42 Fletching
18:12 Castle Age
24:36 Bow Saw
25:19 Horse Collar
26:11 Bodkin Arrow
28:39 Padded Archer Armor
33:29 Imperial Age
32:11 Heavy Plow
34:49 Bracer
37:11 Leather Archer Armor
39:15 Chemistry
40:04 Ring Archer Armor
41:32 Conscription
42:33 Wheelbarrow
43:57 Pirotechnia
54:46 Scale Barding Armor
55:47 Husbandry
55:59 Forging
55:40 Light Cavalry
57:09 Hand Cart
60:55 Iron Casting
62:10 Bloodlines
62:21 Chain Barding Armor
64:51 Blast Furnace
64:33 Crop Rotation
65:07 Two-Man Saw
68:05 Hussar
68:52 Town Watch
matapollito
10:02 Feudal Age
14:05 Castle Age
12:39 Double-Bit Axe
18:33 Scale Barding Armor
23:53 Horse Collar
25:13 Loom
27:03 Fervor
29:10 Sanctity
29:15 Forging
32:26 Imperial Age
31:41 Chain Barding Armor
32:50 Wheelbarrow
32:54 Heavy Camel Rider
34:25 Husbandry
35:10 Iron Casting
34:55 Fletching
35:32 Ballistics
36:34 Chemistry
36:49 Plate Barding Armor
36:13 Elite Skirmisher
36:55 Padded Archer Armor
37:31 Bodkin Arrow
41:24 Bracer
42:14 Bombard Tower
46:01 Thumb Ring
48:00 Greek Fire
49:27 Arrowslits
53:30 Leather Archer Armor
54:39 Light Cavalry
57:27 Caravan
57:59 Ring Archer Armor
58:38 Hussar
60:04 Hand Cart
65:31 Fortified Wall
67:15 Pikeman
67:57 Scale Mail Armor
68:57 Squires
69:13 Chain Mail Armor
69:27 Bow Saw
69:18 Heavy Plow
[COL] Sagros
10:28 Loom
12:16 Feudal Age
15:55 Castle Age
13:45 Double-Bit Axe
14:17 Horse Collar
17:13 Wheelbarrow
19:37 Fletching
21:29 Bodkin Arrow
23:35 Padded Archer Armor
23:42 Padded Archer Armor
24:13 Fervor
24:54 Ballistics
24:55 Leather Archer Armor
27:29 Forging
28:35 Hand Cart
28:07 Loom
28:35 Bow Saw
31:13 Heavy Plow
31:07 Gold Mining
35:30 Imperial Age
33:56 Paiks
35:23 Scale Barding Armor
36:10 Gold Shaft Mining
35:26 Stone Mining
35:33 Stone Mining
36:17 Bracer
37:19 Chemistry
36:41 Conscription
37:14 Chain Barding Armor
37:31 Iron Casting
37:31 Bloodlines
37:23 Husbandry
38:06 Crop Rotation
38:40 Two-Man Saw
38:00 Murder Holes
39:10 Plate Barding Armor
39:49 Blast Furnace
39:45 Mahayana
39:22 Elite Battle Elephant
40:32 Fortified Wall
44:04 Ring Archer Armor
43:41 Elite Skirmisher
46:31 Elite Ratha (Ranged)
47:20 Pikeman
48:00 Squires
47:46 Arson
48:02 Scale Mail Armor
51:52 Chain Mail Armor
50:59 Halberdier
51:25 Gambesons
51:01 Man-at-Arms
53:29 Light Cavalry
64:21 Elite Elephant Archer
71:50 Caravan
Camo
9:14 Feudal Age
7:30 Loom
11:04 Fletching
13:15 Double-Bit Axe
21:24 Castle Age
21:49 Scale Mail Armor
22:12 Bodkin Arrow
22:59 Bow Saw
23:10 Guard Tower
23:34 Town Watch
25:31 Chain Mail Armor
25:47 Pikeman
28:51 Horse Collar
30:06 Wheelbarrow
36:22 Imperial Age
34:03 Heavy Plow
35:03 Squires
35:17 Forging
35:51 Ironclad
37:32 Wheelbarrow
37:37 Plate Mail Armor
36:31 Halberdier
37:11 Arson
38:22 Iron Casting
39:37 Chemistry
38:59 Ballistics
39:27 Hand Cart
39:12 Elite Skirmisher
40:20 Gold Mining
40:41 Padded Archer Armor
41:59 Masonry
43:04 Two-Man Saw
42:32 Leather Archer Armor
42:57 Fortified Wall
44:20 Ring Archer Armor
45:08 Town Patrol
46:11 Crop Rotation
48:11 Blast Furnace
47:46 Siege Engineers
50:11 Scale Barding Armor
51:42 Gambesons
53:14 Cavalier
54:07 Bloodlines
54:20 Chain Barding Armor
55:22 Conscription
55:40 Hoardings
54:56 Paladin
56:22 Arrowslits
59:00 Plate Barding Armor
59:36 Crenellations
66:52 Elite Teutonic Knight
NuMa | JuanMan
3:57 Double-Bit Axe
10:06 Feudal Age
11:14 Loom
14:23 Castle Age
13:14 Bow Saw
13:01 Horse Collar
15:45 Heavy Plow
17:59 Two-Man Saw
24:52 Wheelbarrow
24:03 Town Watch
24:39 Scale Mail Armor
26:49 Hand Cart
27:51 Crop Rotation
28:15 Gold Mining
28:40 Stone Mining
29:37 Husbandry
28:57 Cavalier
29:55 Scale Barding Armor
30:01 Forging
31:06 Chain Barding Armor
34:22 Imperial Age
33:13 Iron Casting
34:42 Chain Mail Armor
36:07 Blast Furnace
34:38 Paladin
36:31 Plate Mail Armor
36:54 Burgundian Vineyards
37:26 Squires
38:16 Elite Coustillier
44:37 Arson
45:20 Padded Archer Armor
46:24 Chemistry
45:45 Ballistics
46:19 Leather Archer Armor
45:45 Elite Skirmisher
46:29 Fletching
46:51 Masonry
46:22 Treadmill Crane
52:00 Pikeman
55:34 Halberdier
63:11 Bodkin Arrow
66:12 Architecture
67:04 Coinage
70:18 Bombard Tower
70:52 Gold Shaft Mining
71:16 Bracer
Connection lost

Rejoining the realm…

Still unreachable

The connection could not be restored.

Session expired

The server has moved on; the page needs a fresh start.